 Dungeon Crawl Stone Soup version 0.29.1-15-g9cfb28693d (webtiles) character file.

Game seed: 6282260641375905587

1920 adizb the Ducker (level 9, -6/74 HPs)
             Began as a Gnoll Monk on Apr 19, 2023.
             Was a High Priest of Okawaru.
             Mangled by GasterBasher's ghost (15 damage)
             ... on level 6 of the Dungeon.
             The game lasted 00:32:11 (5212 turns).

adizb the Ducker (Gnoll Monk)                       Turns: 5212, Time: 00:32:11

Health: -6/74      AC:  5    Str: 10    XL:     9   Next: 16%
Magic:  15/15      EV: 17    Int: 15    God:    Okawaru [*****.]
Gold:   116        SH:  0    Dex: 20    Spells: 10/16 levels left

rFire   + . .      SeeInvis .   w - +4 shortbow (flame)
rCold   . . .      Faith    .   (shield currently unavailable)
rNeg    . . .      Spirit   .   A - +1 robe of the Buccaneer {rPois rF+ Will++}
rPois   +          Reflect  .   (no helmet)
rElec   .          Harm     .   (no cloak)
rCorr   .          Rampage  .   (no gloves)
Will    ++...                   G - +1 pair of boots
Stlth   +.........              m - amulet of magic regeneration
HPRegen 0.22/turn               n - ring of flight
MPRegen 0.54/turn               K - +6 ring of dexterity

@: confused, ambrosia-drunk, freezing walls, flying
A: fangs 1, strong nose, distributed training
a: Renounce Religion, Heroism, Finesse, Duel


You were on level 6 of the Dungeon.
You worshipped Okawaru.
Okawaru was extremely pleased with you.
You visited 2 branches of the dungeon, and saw 7 of its levels.

You collected 224 gold pieces.
You spent 108 gold pieces at shops.

Inventory:

Hand Weapons
 a - a +0 hand axe
 d - a +0 mace
 p - a +0 rapier
 w - a +4 shortbow of flaming (weapon)
 C - a +4 scimitar
 J - a +1 flail of protection
Missiles
 j - 2 boomerangs
 I - a throwing net
Armour
 i - a +0 ring mail
 q - an orb of light
 A - the +1 robe of the Buccaneer (worn) {rPois rF+ Will++}
   (You found it on level 4 of the Dungeon)

   rF:        It protects you from fire.
   rPois:     It protects you from poison.
   Will:      It greatly increases your willpower.
 F - a +0 leather armour of cold resistance
 G - a +1 pair of boots (worn)
Jewellery
 m - an amulet of magic regeneration (around neck)
 n - a ring of flight (left hand)
 t - a ring of resist corrosion
 K - a +6 ring of dexterity (right hand)
Wands
 b - a wand of iceblast (10)
 g - a wand of flame (36)
Scrolls
 f - 3 scrolls of teleportation
 h - a scroll of enchant weapon
 k - 2 scrolls of silence
 o - a scroll of fear
 r - a scroll of enchant armour
 x - 2 scrolls of poison
 y - a scroll of magic mapping
Potions
 c - a potion of ambrosia
 e - a potion of resistance {unknown}
 l - 6 potions of curing
 s - 3 potions of haste {unknown}
 u - a potion of magic {unknown}
 v - a potion of attraction {unknown}
 z - a potion of mutation {unknown}
 B - a potion of brilliance
 E - a potion of might {unknown}
 H - a potion of lignification {unknown}


   Skills:
 + Level 7.8 Fighting
 + Level 4.1 Short Blades
 + Level 4.1 Long Blades
 + Level 7.8 Axes
 + Level 4.1 Maces & Flails
 + Level 4.1 Polearms
 + Level 4.1 Staves
 + Level 4.1 Ranged Weapons
 + Level 4.1 Throwing
 + Level 4.1 Armour
 + Level 7.8 Dodging
 + Level 5.9 Stealth
 + Level 4.1 Shields
 + Level 4.1 Unarmed Combat
 + Level 4.1 Spellcasting
 + Level 3.4 Conjurations
 + Level 3.4 Hexes
 + Level 3.4 Summonings
 + Level 3.4 Necromancy
 + Level 3.4 Translocations
 + Level 3.4 Transmutations
 + Level 3.4 Fire Magic
 + Level 3.4 Ice Magic
 + Level 3.4 Air Magic
 + Level 3.4 Earth Magic
 + Level 3.4 Poison Magic
 + Level 4.5 Invocations
 + Level 4.1 Evocations


You had 10 spell levels left.
You knew the following spells:

 Your Spells              Type           Power      Damage    Failure   Level
a - Frozen Ramparts       Ice            26%        1d4       13%         3
b - Gell's Gravitas       Tloc           13%        N/A       13%         3

Your spell library contained the following spells:

 Spells                   Type           Power      Damage    Failure   Level
 Lesser Beckoning         Tloc           13%        N/A       13%         3
 Teleport Other           Tloc           13%        N/A       13%         3
 Ice Form                 Ice/Tmut       13%        N/A       41%         4
 Summon Ice Beast         Ice/Summ       Unusable   N/A       N/A         4

Dungeon Overview and Level Annotations

Branches:
Dungeon (6/15)             Temple (1/1) D:4

Altars:
Ashenzari
Cheibriados
Dithmenos
Elyvilon
Fedhas
Gozag
Hepliaklqana
Kikubaaqudgha
Makhleb
Nemelex Xobeh
Okawaru
Qazlal
Ru
Sif Muna
Trog
Uskayaw
Wu Jian
Xom
Yredelemnul
Zin
The Shining One

Shops:
D:3 [([   D:6 *

Annotations:
D:6 GasterBasher's ghost, novice HOFi


Innate Abilities, Weirdness & Mutations

You have very sharp teeth.
Your uncanny sense of smell can sniff out nearby items.
Your experience applies equally to all skills.


Message History

* * * LOW HITPOINT WARNING * * *
The wall freezes GasterBasher's ghost but does no damage.
GasterBasher's ghost hits you!
* * * LOW HITPOINT WARNING * * *
Non-targeted confused fire: w) +4 shortbow (flame)
Press: ? - help, Q - select action, (/) - cycle Dir - look around, f - activate Look: GasterBasher's ghost (heavily damaged)
You shoot an arrow. The arrow hits GasterBasher's ghost.
The arrow burns GasterBasher's ghost.
GasterBasher's ghost is heavily damaged.
The wall freezes the steam dragon.
The wall freezes GasterBasher's ghost but does no damage.
GasterBasher's ghost completely misses you.
Non-targeted confused fire: w) +4 shortbow (flame)
Press: ? - help, Q - select action, (/) - cycle Dir - look around, f - activate Look: GasterBasher's ghost (heavily damaged)
You shoot an arrow.
The arrow closely misses the steam dragon.
The wall freezes the steam dragon but does no damage.
The steam dragon bites you!
* * * LOW HITPOINT WARNING * * *
The steam dragon claws you but does no damage.
GasterBasher's ghost resists.
The wall freezes GasterBasher's ghost.
GasterBasher's ghost hits you.
* * * LOW HITPOINT WARNING * * *
The wall freezes GasterBasher's ghost but does no damage.
GasterBasher's ghost misses you.
The wall freezes the steam dragon but does no damage.
The steam dragon misses you. The steam dragon completely misses you.
Non-targeted confused fire: w) +4 shortbow (flame)
Press: ? - help, Q - select action, (/) - cycle Dir - look around, f - activate Look: GasterBasher's ghost (heavily damaged)
You shoot an arrow.
The arrow closely misses GasterBasher's ghost.
The wall freezes the steam dragon but does no damage.
The steam dragon breathes steam at you. The ball of steam misses you.
The wall freezes GasterBasher's ghost but does no damage.
GasterBasher's ghost hits you!
You die...

#.....#########........##...
#....##....?..##..#.........
#....#8.#...#.8#..##.#.##.##
#....#...#.#...#..##.#.##.##
#....#$........#).##.#.####≈
#...©#)...©....#©....#.# #≈≈
#....#)........#..#..#.# ≈≈≈
#....#...#D#W..#..##.#.# ≈≈≈
##...#8.#.§@#.8#..##.### ≈≈≈
#...##...§.§©##.....# ≈≈≈
#....#########...#### ≈≈≈
#................#### ≈≈≈
#.#.................. ≈≈≈
#######.###########..#####
≈≈≈ ........# #..# ≈≈≈
........# #..# ≈≈≈ ....#...#
#..#### ###


You could see a steam dragon (catching breath) and GasterBasher's ghost.

Vanquished Creatures
  Sigmund (D:6)
  Eustachio (D:4)
  An ice beast (D:5)
  A sky beast (D:6)
  2 ogres
  2 centaurs
  A phantom (D:5)
  2 scorpions
  A bullfrog (D:6)
  A necrophage (D:6)
  4 wights (D:6)
  An electric eel (D:6)
  4 hounds
  4 orc priests
  An orc wizard (D:5)
  3 iguanas
  4 gnolls (D:6)
  9 adders
  An ufetubus (D:6)
  2 worms (D:2)
  3 dart slugs
  16 orcs
  4 endoplasms
  2 giant cockroaches
  2 goblins
  9 hobgoblins
  13 jackals
  2 quokkas
  6 ball pythons
  3 bats
  5 frilled lizards
  7 kobolds
  3 rats
121 creatures vanquished.

Notes
Turn   | Place    | Note
-------+----------+-------------------------------------------
     0 | D:1      | adizb the Gnoll Monk began the quest for the Orb.
     0 | D:1      | Reached XP level 1. HP: 23/23 MP: 1/1
   238 | D:1      | Reached XP level 2. HP: 26/29 MP: 2/2
   824 | D:2      | Reached XP level 3. HP: 33/35 MP: 3/3
   857 | D:2      | Reached skill level 1 in Invocations
   934 | D:2      | Reached skill level 1 in Short Blades
   934 | D:2      | Reached skill level 1 in Long Blades
   934 | D:2      | Reached skill level 1 in Maces & Flails
   934 | D:2      | Reached skill level 1 in Polearms
   934 | D:2      | Reached skill level 1 in Staves
   934 | D:2      | Reached skill level 1 in Ranged Weapons
   934 | D:2      | Reached skill level 1 in Throwing
   934 | D:2      | Reached skill level 1 in Armour
   934 | D:2      | Reached skill level 1 in Shields
   934 | D:2      | Reached skill level 1 in Unarmed Combat
   934 | D:2      | Reached skill level 1 in Spellcasting
   934 | D:2      | Reached skill level 1 in Evocations
  1015 | D:2      | Reached XP level 4. HP: 30/41 MP: 5/5
  1021 | D:2      | Found a faded altar of an unknown god.
  1831 | D:3      | Found Wauxko's Antique Armour Shop.
  1922 | D:3      | Learned a level 3 spell: Frozen Ramparts
  1969 | D:3      | Found Eshrere's Antique Weapon Shoppe.
  2136 | D:3      | Bought a runed shortbow for 108 gold pieces
  2207 | D:3      | Reached skill level 1 in Conjurations
  2207 | D:3      | Reached skill level 1 in Hexes
  2207 | D:3      | Reached skill level 1 in Summonings
  2207 | D:3      | Reached skill level 1 in Necromancy
  2207 | D:3      | Reached skill level 1 in Translocations
  2207 | D:3      | Reached skill level 1 in Transmutations
  2207 | D:3      | Reached skill level 1 in Fire Magic
  2207 | D:3      | Reached skill level 1 in Ice Magic
  2207 | D:3      | Reached skill level 1 in Air Magic
  2207 | D:3      | Reached skill level 1 in Earth Magic
  2207 | D:3      | Reached skill level 1 in Poison Magic
  2326 | D:3      | Found Hyoplipp's Antique Armour Shoppe.
  2485 | D:4      | Found a staircase to the Ecumenical Temple.
  2490 | D:4      | Identified the +1 robe of the Buccaneer {rPois rF+ Will++}
  2505 | Temple   | Entered the Ecumenical Temple
  2585 | Temple   | Became a worshipper of Warmaster Okawaru
  2585 | Temple   | Reached * piety under Okawaru
  2585 | Temple   | Reached ** piety under Okawaru
  2610 | D:4      | Noticed Eustachio
  2613 | D:4      | Reached XP level 5. HP: 47/47 MP: 5/7
  2780 | D:4      | Killed Eustachio
  2781 | D:4      | Reached XP level 6. HP: 34/53 MP: 7/9
  2990 | D:4      | Learned a level 3 spell: Gell's Gravitas
  3090 | D:4      | Reached XP level 7. HP: 34/60 MP: 8/10
  3358 | D:5      | Entered Level 5 of the Dungeon
  3369 | D:5      | Reached *** piety under Okawaru
  3420 | D:5      | Reached skill level 5 in Stealth
  3620 | D:5      | Reached XP level 8. HP: 60/67 MP: 12/12
  3844 | D:5      | Reached **** piety under Okawaru
  4007 | D:6      | Noticed Sigmund
  4018 | D:6      | Killed Sigmund
  4035 | D:6      | Noticed GasterBasher's ghost (novice HOFi)
  4042 | D:6      | Found Moesur Wolou's Elemental Accessories.
  4266 | D:6      | Noticed a manticore
  4610 | D:6      | Reached XP level 9. HP: 56/73 MP: 14/14
  4618 | D:6      | Reached ***** piety under Okawaru
  4763 | D:6      | Found a transporter.
  4771 | D:6      | Found a transporter.
  5211 | D:6      | HP: 3/74 [GasterBasher's ghost (6)]
  5212 | D:6      | Mangled by GasterBasher's ghost

Illustrated notes

Levels and vault maps discovered:
D:1:      lightli_arrival_noodles, layout_loops_corners,
          hangedman_abyss_or_decor_stabs, minmay_misc_feat_ornament
D:2:      layout_rooms, hellmonk_ecumenical_altar_dog_temple
D:3:      mumra_celtic_spiral_tile, layout_basic, serial_shops, shop,
          nicolae_shop_statue_plus, nicolae_square_shop
D:4:      layout_loops_ring, minmay_temple_entry_statues, dk_vineyard_3,
          corexii_shack, uniq_eustachio
D:5:      layout_loops_ring, hangedman_decor_slide_cut, minmay_liquid_box
D:6:      kennysheep_big_flooded_room, layout_loops_ring, gammafunk_ghost_arena,
          nicolae_elemental_shop, uniq_sigmund
Temple:   compressed_dpeg_triangle_lava_temple

Skill      XL: |  1  2  3  4  5  6  7  8  9 |
---------------+----------------------------+-----
Invocations    | 1 2 3 4 |  4.5
Short Blades   | 1 2 3 4 |  4.1
Long Blades    | 1 2 3 4 |  4.1
Maces & Flails | 1 2 3 4 |  4.1
Polearms       | 1 2 3 4 |  4.1
Staves         | 1 2 3 4 |  4.1
Ranged Weapons | 1 2 3 4 |  4.1
Throwing       | 1 2 3 4 |  4.1
Armour         | 1 2 3 4 |  4.1
Shields        | 1 2 3 4 |  4.1
Unarmed Combat | 1 2 3 4 |  4.1
Spellcasting   | 1 2 3 4 |  4.1
Evocations     | 1 2 3 4 |  4.1
Conjurations   | 1 2 3 |  3.4
Hexes          | 1 2 3 |  3.4
Summonings     | 1 2 3 |  3.4
Necromancy     | 1 2 3 |  3.4
Translocations | 1 2 3 |  3.4
Transmutations | 1 2 3 |  3.4
Fire Magic     | 1 2 3 |  3.4
Ice Magic      | 1 2 3 |  3.4
Air Magic      | 1 2 3 |  3.4
Earth Magic    | 1 2 3 |  3.4
Poison Magic   | 1 2 3 |  3.4
Fighting       | 7 |  7.8
Axes           | 7 |  7.8
Dodging        | 7 |  7.8
Stealth        | 5 |  5.9

Action                   |  1- 3 |  4- 6 |  7- 9 || total
-------------------------+-------+-------+-------++-------
Melee: Hand axe          |    96 |    15 |       ||   111
       Bite              |     8 |     3 |       ||    11
       Rapier            |       |    22 |       ||    22
 Fire: Shortbow          |       |    66 |   190 ||   256
 Cast: Frozen Ramparts   |       |       |     6 ||     6
       Gell's Gravitas   |       |       |     1 ||     1
  Use: Scroll            |       |    10 |     8 ||    18
       Potion            |       |       |     3 ||     3
 Stab: Sleeping          |     8 |     3 |       ||    11
Armor: Leather armour    |    15 |     6 |       ||    21
       Robe              |     1 |     9 |    21 ||    31
Dodge: Dodged            |    69 |    64 |   106 ||   239
